 Dungeon Crawl Stone Soup version 0.16-a0-956-g65bd446 (webtiles) character file.

212 MRaven the Insei (level 5, 0/42 HPs)
             Began as a Draconian Transmuter on Oct 1, 2014.
             Succumbed to an orc's poison
             ... on Level 4 of the Dungeon.
             The game lasted 00:17:47 (4008 turns).

MRaven the Insei (Draconian Transmuter)             Turns: 4008, Time: 00:17:47

HP   0/42        AC  7     Str 12      XL: 5   Next: 58%
MP  11/11        EV 12     Int 14      God:
Gold 199         SH  0     Dex 12      Spells:  2 memorised,  6 levels left

rFire  . . .     SeeInvis .       - Unarmed
rCold  . . .     Clarity  .     (armour unavailable)
rNeg   . . .     rCorr    .     (no shield)
rPois  .         rRot     .     i - +2 hat
rElec  .         Spirit   .     (no cloak)
SustAb .         Warding  .     (no gloves)
rMut   .         Stasis   .     (boots unavailable)
Gourm  .                        (no amulet)
MR     .....                    (no ring)
                                (no ring)

@: lethally poisoned, appendage (expiring), not resistant to hostile
enchantments, very unstealthy
A: unfitting armour, talons 3, cold-blooded, AC +5
a: End Transformation


You were on level 4 of the Dungeon.
You were not hungry.
You had grown temporary talons.
You visited 1 branch of the dungeon, and saw 4 of its levels.

You collected 199 gold pieces.

Inventory:

Hand weapons
 u - a +1 dagger of flaming
Missiles
 b - 12 arrows
Armour
 i - a +2 hat (worn)
Comestibles
 a - 2 bread rations
 g - a chunk of ball python flesh
 j - a beef jerky
 l - 3 fruits
 z - 2 meat rations
Scrolls
 f - a scroll of amnesia
 h - 2 scrolls of remove curse
 w - a scroll of enchant weapon
Potions
 c - a potion of might
 e - a potion of degeneration {unknown}
 k - a potion of curing {unknown}
 m - a potion of magic {unknown}
 n - a potion of resistance {unknown}
 o - a potion of cure mutation {unknown}
Books
 d - a book of Changes

   Spells                             Type                      Level
   *Beastly Appendage                 Transmutation                1
   Sticks to Snakes                   Transmutation                2
   *Spider Form                       Transmutation/Poison         3
   Ice Form                           Ice/Transmutation            4
   Blade Hands                        Transmutation                5


   Skills:
 + Level 2.7 Fighting
 + Level 2.5 Dodging
 + Level 3.7 Unarmed Combat
 * Level 3.0 Spellcasting
 * Level 3.5 Transmutations


You had 6 spell levels left.
You knew the following spells:

 Your Spells              Type           Power        Failure   Level  Hunger
a - Beastly Appendage     Trmt           ##....       6%          1    #......
b - Spider Form           Trmt/Pois      #.........   30%         3    ###....


Dungeon Overview and Level Annotations

Branches:
Dungeon (4/15)
 Temple: D:4-7

Altars:
Yredelemnul


Innate Abilities, Weirdness & Mutations

Your plain brown scales are hard (AC +5).
Your body does not fit into most forms of armour.
Your cold-blooded metabolism reacts poorly to cold.
You have claws for feet.


Message History

The orc is heavily wounded.
You feel sick. The orc misses you.
You hit the orc but do no damage.
Your tail-slap misses the orc.
The orc is heavily wounded.
* * * LOW HITPOINT WARNING * * *
You feel sick. The orc closely misses you.
Unknown command.
You hit the orc.
The orc is severely wounded.
* * * LOW HITPOINT WARNING * * *
You feel sick. The orc hits you but does no damage.
You are more poisoned.
You closely miss the orc.
The orc is severely wounded.
* * * LOW HITPOINT WARNING * * *
You feel sick.
The orc hits you with a dagger of venom.
* * * LOW HITPOINT WARNING * * *
You are more poisoned.
You die...

.#.#.####.......#
.#.#......#####.# o#.######.#
o#.# #.# .#.# ##.## .
o#.#####...####.... .
.#..%.<..#(.....# #.
#######o#######.(.###### #.###
#....oo.# ##@## ...# #o#######
#.# ##.## #o# #o# #######..<.
#.##########
###o..............##
#o...............#############.#
#..##########..### #.# #.o# #..#
#.# #.<# #..# #######.# #..#
#..# #.......#


You could see 2 orcs.

Vanquished Creatures
  A hound (D:4)
  An orc wizard (D:4)
  6 adders
  A giant mite (D:3)
  A worm (D:2)
  6 giant geckos
  2 oozes (D:2)
  6 orcs
  4 giant cockroaches
  11 hobgoblins
  4 jackals
  A quokka (D:3)
  2 ball pythons
  9 bats
  2 giant newts (D:1)
  9 goblins
  A goblin skeleton (D:4)
  3 kobolds
  6 rats
  A spectral orc (D:2)
  A plant (D:1)
78 creatures vanquished.

Notes
Turn   | Place    | Note
--------------------------------------------------------------
     0 | D:1      | MRaven, the Draconian Transmuter, began the quest for the Orb.
     0 | D:1      | Reached XP level 1. HP: 16/16 MP: 3/3
   274 | D:1      | Reached XP level 2. HP: 12/23 MP: 2/4
  1176 | D:1      | Reached XP level 3. HP: 29/29 MP: 4/6
  1915 | D:2      | Reached XP level 4. HP: 27/36 MP: 6/8
  2391 | D:2      | Found a basalt altar of Yredelemnul.
  2470 | D:2      | Learned a level 3 spell: Spider Form
  3237 | D:3      | Reached XP level 5. HP: 39/42 MP: 9/9
  4008 | D:4      | Succumbed to an orc's poison

Action                   |  1- 3 |  4- 6 || total
-------------------------+-------+-------++-------
Melee: Unarmed           |   229 |   168 ||   397
 Cast: Beastly Appendage |    16 |     8 ||    24
       Spider Form       |       |     4 ||     4
  Use: Scroll            |     2 |     6 ||     8
 Stab: Distracted        |       |     1 ||     1
  Eat: Chunk             |     3 |     8 ||    11
